BSA
KENILWORTH ACES @ HOUSTON MARSHALS
09/11/2030
 
TOP OF THE 1ST
Kenilworth Aces batting - Pitching for Houston Marshals : RHP Jim Fitzgerald
Pitching: RHP Jim Fitzgerald
Batting: LHB Barrett Waters 0-0: Called Strike
0-1: Bunted foul
0-2: Ball
1-2: Ball
2-2: Ball
3-2: Foul Ball, location: 2F
3-2: Base on Balls
Batting: LHB Jim Jensen 0-0: Ball
1-0: Ball
2-0: Called Strike
2-1: Swinging Strike
2-2: Foul Ball, location: 2F
2-2: Foul Ball, location: 2F
2-2: Grounds into double play, 5-4-3 (Groundball, 56)
Batting: SHB Julián Madrid 0-0: SOLO HOME RUN (Flyball, 89XD), Distance : 389 ft
Batting: LHB Roy Patrick 0-0: Fly out, F7 (Flyball, 7LS)
Top of the 1st over - 1 run, 1 hit, 0 errors, 0 left on base; Kenilworth 1 - Houston 0
BOTTOM OF THE 1ST
Houston Marshals batting - Pitching for Kenilworth Aces : LHP Dave Smeddon
Pitching: LHP Dave Smeddon
Batting: RHB Javier Rentería 0-0: Ball
1-0: Ball
2-0: Ground out 6-3 (Groundball, 6S)
Batting: SHB Ramón Lugo 0-0: Fly out, F9 (Line Drive, 9)
Batting: LHB José Rodríguez 0-0: Called Strike
0-1: Ball
1-1: Ball
2-1: Ball
3-1: Called Strike
3-2: Ground out 5-3 (Groundball, 56)
Bottom of the 1st over - 0 runs, 0 hits, 0 errors, 0 left on base; Kenilworth 1 - Houston 0
TOP OF THE 2ND
Kenilworth Aces batting - Pitching for Houston Marshals : RHP Jim Fitzgerald
Batting: LHB Santiago Márquez 0-0: Called Strike
0-1: Ball
1-1: Fly out, F7 (Flyball, 7S)
Batting: RHB Luis Sánchez 0-0: Ball
1-0: Foul Ball, location: 2F
1-1: Ball
2-1: Foul Ball, location: 2F
2-2: Ball
3-2: SINGLE (Groundball, 56D)
Batting: LHB Luis Villa 0-0: Called Strike
0-1: Grounds into double play, 4-6-3 (Groundball, 34)
Top of the 2nd over - 0 runs, 1 hit, 0 errors, 0 left on base; Kenilworth 1 - Houston 0
BOTTOM OF THE 2ND
Houston Marshals batting - Pitching for Kenilworth Aces : LHP Dave Smeddon
Batting: LHB Michael Cook 0-0: Called Strike
0-1: Ball
1-1: Swinging Strike
1-2: Ball
2-2: Ground out U3 (Groundball, 3)
Batting: RHB Esteban Lara 0-0: Foul Ball, location: 2F
0-1: Foul Ball, location: 2F
0-2: Ball
1-2: Ground out 5-3 (Groundball, 5)
Batting: SHB Álex Rosado 0-0: Ball
1-0: Ball
2-0: SINGLE (Groundball, 56D)
Batting: SHB Juan Gómez 0-0: Foul Ball, location: 2F
0-1: Called Strike
0-2: Ball
1-2: Ball
2-2: Strikes out swinging
Bottom of the 2nd over - 0 runs, 1 hit, 0 errors, 1 left on base; Kenilworth 1 - Houston 0
TOP OF THE 3RD
Kenilworth Aces batting - Pitching for Houston Marshals : RHP Jim Fitzgerald
Batting: RHB Wilbert Rodgers 0-0: Foul Ball, location: 2F
0-1: Called Strike
0-2: Ball
1-2: Ball
2-2: Foul Ball, location: 2F
2-2: Foul Ball, location: 2F
2-2: Strikes out swinging
Batting: LHB Pedro Díaz 0-0: Called Strike
0-1: Foul Ball, location: 2F
0-2: Strikes out swinging
Batting: LHB Barrett Waters 0-0: Called Strike
0-1: Swinging Strike
0-2: Ball
1-2: Foul Ball, location: 2F
1-2: SINGLE (Line Drive, 9S)
Batting: LHB Jim Jensen 0-0: Ball
Barrett Waters is caught stealing 2nd base
Top of the 3rd over - 0 runs, 1 hit, 0 errors, 0 left on base; Kenilworth 1 - Houston 0
BOTTOM OF THE 3RD
Houston Marshals batting - Pitching for Kenilworth Aces : LHP Dave Smeddon
Batting: SHB Walton Locke 0-0: Ball
1-0: Ground out 1-3 (Groundball, 13S)
Batting: LHB Sammy Marshall 0-0: SINGLE (Groundball, 34S) (infield hit)
Batting: RHB Javier Rentería 0-0: Ball
1-0: Ball
2-0: SINGLE (Groundball, 56S) (infield hit)
Sammy Marshall to second
Batting: SHB Ramón Lugo 0-0: Called Strike
0-1: Ball
1-1: Swinging Strike
1-2: Foul Ball, location: 2F
1-2: Grounds into double play, 6-4-3 (Groundball, 6)
Bottom of the 3rd over - 0 runs, 2 hits, 0 errors, 1 left on base; Kenilworth 1 - Houston 0
TOP OF THE 4TH
Kenilworth Aces batting - Pitching for Houston Marshals : RHP Jim Fitzgerald
Batting: LHB Jim Jensen 0-0: Ball
1-0: Ball
2-0: Ground out 4-3 (Groundball, 34)
Batting: SHB Julián Madrid 0-0: Foul Ball, location: 2F
0-1: Ball
1-1: Ball
2-1: Ball
3-1: Called Strike
3-2: Foul Ball, location: 2F
3-2: Base on Balls
Batting: LHB Roy Patrick 0-0: Ball
1-0: Foul Ball, location: 2F
1-1: Foul Ball, location: 2F
1-2: Hit by Pitch
Julián Madrid to second
Batting: LHB Santiago Márquez 0-0: Ball
1-0: Ball
2-0: Called Strike
2-1: Fly out, F8 (Flyball, 78M)
Batting: RHB Luis Sánchez 0-0: Foul Ball, location: 2F
0-1: Ball
1-1: Foul Ball, location: 2F
1-2: Ball
2-2: Fielders Choice at 2nd, 6-4 (Groundball, 6)
Top of the 4th over - 0 runs, 0 hits, 0 errors, 2 left on base; Kenilworth 1 - Houston 0
BOTTOM OF THE 4TH
Houston Marshals batting - Pitching for Kenilworth Aces : LHP Dave Smeddon
Batting: LHB José Rodríguez 0-0: DOUBLE (Flyball, 89XD)
Batting: LHB Michael Cook 0-0: Foul Ball, location: 2F
0-1: Ball
1-1: Foul Ball, location: 2F
1-2: Strikes out swinging
Batting: RHB Esteban Lara 0-0: Fly out, F9 (Flyball, 9LSF)
Batting: SHB Álex Rosado 0-0: Ball
1-0: Fly out, F5 (Line Drive, 56)
Bottom of the 4th over - 0 runs, 1 hit, 0 errors, 1 left on base; Kenilworth 1 - Houston 0
TOP OF THE 5TH
Kenilworth Aces batting - Pitching for Houston Marshals : RHP Jim Fitzgerald
Batting: LHB Luis Villa 0-0: Called Strike
0-1: Ball
1-1: Ball
2-1: Bunt for hit - play at first, batter OUT! 1-3
Batting: RHB Wilbert Rodgers 0-0: Called Strike
0-1: Foul Ball, location: 2F
0-2: Foul Ball, location: 2F
0-2: Ball
1-2: Ball
2-2: Fly out, F7 (Flyball, 7S)
Batting: LHB Pedro Díaz 0-0: Swinging Strike
0-1: Ball
1-1: SINGLE (Groundball, 34) (infield hit)
Batting: LHB Barrett Waters 0-0: Ball
1-0: Called Strike
1-1: Ground out U3 (Groundball, 34)
Top of the 5th over - 0 runs, 1 hit, 0 errors, 1 left on base; Kenilworth 1 - Houston 0
BOTTOM OF THE 5TH
Houston Marshals batting - Pitching for Kenilworth Aces : LHP Dave Smeddon
Batting: SHB Juan Gómez 0-0: Swinging Strike
0-1: Foul Ball, location: 2F
0-2: Strikes out swinging
Batting: SHB Walton Locke 0-0: Ball
1-0: Ball
2-0: Called Strike
2-1: Fly out, F8 (Flyball, 78M)
Batting: LHB Sammy Marshall 0-0: Ball
1-0: Foul Ball, location: 2F
1-1: Swinging Strike
1-2: Foul Ball, location: 2F
1-2: Fly out, F9 (Flyball, 9LD)
Bottom of the 5th over - 0 runs, 0 hits, 0 errors, 0 left on base; Kenilworth 1 - Houston 0
TOP OF THE 6TH
Kenilworth Aces batting - Pitching for Houston Marshals : RHP Jim Fitzgerald
Batting: LHB Jim Jensen 0-0: Called Strike
0-1: Ground out U3 (Groundball, 3S)
Batting: SHB Julián Madrid 0-0: SINGLE (Groundball, 34D)
Batting: LHB Roy Patrick 0-0: Ball
1-0: Ball
2-0: Swinging Strike
2-1: Fly out, F9 (Flyball, 9LDF)
Batting: LHB Santiago Márquez 0-0: Ball
1-0: Foul Ball, location: 2F
1-1: Ground out 4-3 (Groundball, 34)
Top of the 6th over - 0 runs, 1 hit, 0 errors, 1 left on base; Kenilworth 1 - Houston 0
BOTTOM OF THE 6TH
Houston Marshals batting - Pitching for Kenilworth Aces : LHP Dave Smeddon
Batting: RHB Javier Rentería 0-0: Foul Ball, location: 2F
0-1: Foul Ball, location: 2F
0-2: Strikes out swinging
Batting: SHB Ramón Lugo 0-0: Ball
1-0: Foul Ball, location: 2F
1-1: Ground out 6-3 (Groundball, 6)
Batting: LHB José Rodríguez 0-0: SINGLE (Line Drive, 6D)
Batting: LHB Michael Cook 0-0: Ball
1-0: Called Strike
1-1: Swinging Strike
1-2: Strikes out looking
Bottom of the 6th over - 0 runs, 1 hit, 0 errors, 1 left on base; Kenilworth 1 - Houston 0
TOP OF THE 7TH
Kenilworth Aces batting - Pitching for Houston Marshals : RHP Jim Fitzgerald
Batting: RHB Luis Sánchez 0-0: Ball
1-0: Foul Ball, location: 2F
1-1: Swinging Strike
1-2: Ground out 6-3 (Groundball, 6)
Batting: LHB Luis Villa 0-0: Ball
1-0: Foul Ball, location: 2F
1-1: Ball
2-1: Fly out, F7 (Flyball, 7D)
Batting: RHB Wilbert Rodgers 0-0: Called Strike
0-1: Ball
1-1: SOLO HOME RUN (Flyball, 7LD), Distance : 392 ft
Pitching: RHP Jim Daniel
Batting: LHB Pedro Díaz 0-0: Fly out, F5 (Popup, 5S)
Top of the 7th over - 1 run, 1 hit, 0 errors, 0 left on base; Kenilworth 2 - Houston 0
BOTTOM OF THE 7TH
Houston Marshals batting - Pitching for Kenilworth Aces : LHP Dave Smeddon
Batting: RHB Esteban Lara 0-0: Ball
1-0: Foul Ball, location: 2F
1-1: Ball
2-1: Foul Ball, location: 2F
2-2: Ball
3-2: SINGLE (Line Drive, 56D)
Batting: SHB Álex Rosado 0-0: Called Strike
0-1: Sac Bunt - play at first, batter OUT! 2-3
Esteban Lara to second
Batting: SHB Juan Gómez 0-0: Called Strike
0-1: Swinging Strike
0-2: Strikes out swinging
Batting: SHB Walton Locke 0-0: Ball
1-0: Ball
2-0: Called Strike
2-1: Called Strike
2-2: Fly out, F9 (Flyball, 89D)
Bottom of the 7th over - 0 runs, 1 hit, 0 errors, 1 left on base; Kenilworth 2 - Houston 0
TOP OF THE 8TH
Kenilworth Aces batting - Pitching for Houston Marshals : RHP Jim Daniel
Batting: LHB Barrett Waters 0-0: Ball
1-0: Called Strike
1-1: Called Strike
1-2: Ball
2-2: Foul Ball, location: 2F
2-2: Strikes out swinging
Batting: LHB Jim Jensen 0-0: Ball
1-0: Ground out 1-3 (Groundball, P)
Batting: SHB Julián Madrid 0-0: Fly out, F8 (Flyball, 8LXD)
Top of the 8th over - 0 runs, 0 hits, 0 errors, 0 left on base; Kenilworth 2 - Houston 0
BOTTOM OF THE 8TH
Houston Marshals batting - Pitching for Kenilworth Aces : LHP Dave Smeddon
Batting: LHB Sammy Marshall 0-0: Fly out, F7 (Flyball, 7)
Batting: RHB Javier Rentería 0-0: SINGLE (Flyball, 7LS)
Batting: SHB Ramón Lugo 0-0: Ball
1-0: Ball
2-0: Called Strike
2-1: Ball
3-1: Ground out 4-3 (Groundball, 4MS)
Javier Rentería to second
Batting: LHB José Rodríguez 0-0: Fly out, F9 (Flyball, 9)
Bottom of the 8th over - 0 runs, 1 hit, 0 errors, 1 left on base; Kenilworth 2 - Houston 0
TOP OF THE 9TH
Kenilworth Aces batting - Pitching for Houston Marshals : RHP Jim Daniel
Batting: LHB Roy Patrick 0-0: Ball
1-0: Called Strike
1-1: Ball
2-1: Foul Ball, location: 2F
2-2: Foul Ball, location: 2F
2-2: Foul Ball, location: 2F
2-2: Foul Ball, location: 2F
2-2: Strikes out swinging
Batting: LHB Santiago Márquez 0-0: Ball
1-0: Swinging Strike
1-1: Swinging Strike
1-2: Ball
2-2: Foul Ball, location: 2F
2-2: Foul Ball, location: 2F
2-2: Foul Ball, location: 2F
2-2: Foul Ball, location: 2F
2-2: Ball
3-2: Base on Balls
Batting: RHB Luis Sánchez 0-0: Ball
1-0: Fly out, F2 (Popup, 2RF)
Batting: LHB Luis Villa 0-0: Called Strike
0-1: Foul Ball, location: 2F
0-2: SINGLE (Groundball, 4MD)
Santiago Márquez to second
Batting: RHB Wilbert Rodgers 0-0: Ball
1-0: Ball
2-0: Swinging Strike
2-1: Foul Ball, location: 2F
2-2: Ball
3-2: Base on Balls
Santiago Márquez to third
Luis Villa to second
Batting: LHB Pedro Díaz 0-0: Ground out 1-3 (Groundball, P)
Top of the 9th over - 0 runs, 1 hit, 0 errors, 3 left on base; Kenilworth 2 - Houston 0
BOTTOM OF THE 9TH
Houston Marshals batting - Pitching for Kenilworth Aces : LHP Dave Smeddon
Batting: LHB Michael Cook 0-0: Ball
1-0: Swinging Strike
1-1: Called Strike
1-2: Ball
2-2: Ball
3-2: Foul Ball, location: 2F
3-2: Fly out, F7 (Line Drive, 78D)
Batting: RHB Esteban Lara 0-0: Foul Ball, location: 2F
0-1: Ball
1-1: Foul Ball, location: 2F
1-2: Strikes out looking
Batting: SHB Álex Rosado 0-0: Fly out, F4 (Popup, 4MD)
Bottom of the 9th over - 0 runs, 0 hits, 0 errors, 0 left on base; Kenilworth 2 - Houston 0
Saturday, April 7th, 2018 - OOTP Baseball 18.8 Build 76